 Dungeon Crawl Stone Soup version 0.24.0-37-gcf1ca852f1 (webtiles) character file.

Game seed: 4660487681115817800, levelgen mode: deterministic

8096 Ponchio the Geomancer (level 11, -26/61 HPs)
             Began as a Gargoyle Earth Elementalist on Nov 21, 2019.
             Was a Priest of Vehumet.
             Blown up by a great orb of eyes (41 damage)
             ... with a disintegration bolt
             ... on level 9 of the Dungeon.
             The game lasted 01:32:06 (14732 turns).

Ponchio the Geomancer (GrEE)                       Turns: 14732, Time: 01:32:07

Health: -26/61     AC: 13    Str: 12    XL:     11   Next: 25%
Magic:  1/25       EV: 28    Int: 21    God:    Vehumet [***...]
Gold:   493        SH:  0    Dex: 10    Spells: 16/31 levels left

rFire    . . .     SeeInvis +   o - +0 dagger (flame)
rCold    + . .     Gourm    .   (no shield)
rNeg     + . .     Faith    .   c - +0 robe
rPois    ∞         Spirit   .   j - +0 helmet
rElec    +         Reflect  .   (no cloak)
rCorr    .         Harm     .   (no gloves)
MR       +....                  u - +1 pair of boots
Stlth    ++........             g - amulet of the acrobat
HPRegen  0.20/turn              l - +2 ring of intelligence
MPRegen  0.19/turn              x - ring "Renattes" {*Contam rPois rC+ MR+ SInv}

@: about to teleport, acrobat
A: mutation resistance 1, negative energy resistance 1, electricity resistance,
unbreathing, petrification resistance, rot immunity, subdued magic 1, AC +8
a: Renounce Religion


You were on level 9 of the Dungeon.
You worshipped Vehumet.
Vehumet was most pleased with you.
You were near starving.

You visited 2 branches of the dungeon, and saw 10 of its levels.

You collected 493 gold pieces.

Inventory:

Hand Weapons
 o - a +0 dagger of flaming (weapon)
 G - a +0 mace of protection
Missiles
 v - 27 stones (quivered)
Armour
 c - a +0 robe (worn)
 j - a +0 helmet (worn)
 k - +0 fire dragon scales
 u - a +1 pair of boots (worn)
Magical Staves
 s - an uncursed staff of air
Jewellery
 e - a +1 ring of slaying
 g - an amulet of the acrobat (around neck)
 l - a +2 ring of intelligence (left hand)
 x - the ring "Renattes" (right hand) {*Contam rPois rC+ MR+ SInv}
   (You found it on level 7 of the Dungeon)

   [ring of protection from cold]

   It protects you from cold.
   It protects you from poison.
   It affects your resistance to hostile enchantments.
   It lets you see invisible.
   It causes magical contamination when unequipped.
 A - an uncursed ring of ice
Wands
 h - a wand of paralysis (4)
 w - a wand of flame (15)
 C - a wand of iceblast (7)
Scrolls
 a - 3 scrolls of enchant weapon
 f - 5 scrolls of identify
 p - a scroll of enchant armour
 t - 4 scrolls of remove curse
 y - a scroll of magic mapping
 H - a scroll of fog {unknown}
Potions
 b - a potion of lignification
 i - a potion of might
 m - 4 potions of mutation
 n - 2 potions of resistance
 q - 3 potions of berserk rage
 r - 2 potions of flight
 z - a potion of heal wounds
 B - a potion of ambrosia
 D - a potion of agility
Comestibles
 d - 21 rations


   Skills:
 - Level 4.0 Fighting
 - Level 1.1 Short Blades
 - Level 3.3 Dodging
 - Level 2.1 Stealth
 + Level 10.8 Spellcasting
 + Level 5.4 Transmutations
 + Level 11.4 Earth Magic


You had 16 spell levels left.
You knew the following spells:

 Your Spells              Type           Power        Failure   Level  Hunger
a - Sandblast             Erth           #####.       1%          1    None
b - Passwall              Tmut/Erth      #####...     1%          2    None
c - Stone Arrow           Conj/Erth      ####..       1%          3    None
d - Petrify               Tmut/Erth      #####...     1%          4    ##.....
e - Lee's Rapid Deconstr  Erth           #####.....   1%          5    ####...

Your spell library contained the following spells:

 Spells                   Type           Power        Failure   Level  Hunger
 Dazzling Spray           Conj/Hex       #.....       4%          3    None


Dungeon Overview and Level Annotations

Branches:
Dungeon (9/15)             Temple (1/1) D:5
   Lair: D:8-11         Orc: D:9-12

Altars:
Ashenzari
Cheibriados
Dithmenos
Elyvilon
Fedhas
Gozag
Hepliaklqana
Kikubaaqudgha
Makhleb
Nemelex Xobeh
Okawaru
Qazlal
Ru
Sif Muna
Trog
Uskayaw
Vehumet
Wu Jian
Xom
Yredelemnul
Zin
The Shining One

Shops:
D:4 :   D:7 }

Annotations:
D:4 exclusion: oklob plant
D:7 Alannah's ghost, novice DsGl


Innate Abilities, Weirdness & Mutations

You are resistant to torment.
Your stone body is resilient. (AC +8)
You are immune to poison.
You resist negative energy. (rN+)
You are resistant to electric shocks. (rElec)
You can survive without breathing.
You are immune to petrification.
You are immune to rotting.
You are somewhat resistant to further mutation.
Your spells are a little easier to cast, but a little less powerful.


Message History

Casting: Sandblast (safe; 1% risk of failure)
Confirm with . or Enter, or press ? or * to list all spells.
Aiming: Sandblast (safe; 1% risk of failure)
Press: ? - help, Shift-Dir - straight line, f/p - great orb of eyes
Aim: a great orb of eyes (severely wounded)
The blast of sand hits the great orb of eyes but does no damage.
The great orb of eyes is severely wounded.
v - 27 stones The great orb of eyes bites you.
* * * LOW HITPOINT WARNING * * *
Okay, then.
As you read the scroll of teleportation, it crumbles to dust.
You feel strangely unstable.
You are near starving!
The great orb of eyes barely misses you.
The ettin shouts in stereo!
The great orb of eyes gazes at you.
You are blasted!
Ouch! That really hurt!
You die...

......# #..##.........#
......# #..##.........#
......# #..##...###...#
......# #..##...# #[..#
......# #..##...# #...#
###...# #..##...# #...#
#...# #..##...# #...#
#...#####..##...###...#
#.........>##.@.......#
#.....................#
###.............G####...
........................
####........####'###....
#......C.#.⌠.⌠# ## ..
#........#....##.##..
#).......#.._.#$..8..
#........#....#$.....


You could see a great orb of eyes and an ettin.

Vanquished Creatures
  2 two-headed ogres (D:8)
  A moth of wrath (D:7)
  2 hippogriffs (D:9)
  4 yaks (D:8)
  A steam dragon (D:7)
  5 humans (D:7)
  2 hungry ghosts (D:9)
  3 ice beasts
  2 orc warriors
  4 black bears
  A necrophage (D:8)
  5 ogres
  5 centaurs
  A gnoll sergeant (D:9)
  6 bullfrogs
  A water moccasin zombie (D:6)
  3 scorpions
  A water moccasin skeleton (D:7)
  10 killer bees
  8 howler monkeys
  3 crimson imps
  A jelly (D:9)
  3 orc priests
  4 centaur skeletons
  3 hounds
  2 iguanas
  8 orc wizards
  9 worker ants
  3 hound skeletons (D:5)
  2 worker ant zombies
  A howler monkey skeleton (D:5)
  11 gnolls
  8 adders
  4 shadow imps (D:6)
  An ooze (D:5)
  An adder skeleton (D:4)
  An adder zombie (D:8)
  2 worms
  A dart slug (D:1)
  5 leopard geckos
  29 orcs
  5 bats
  5 giant cockroaches
  13 goblins
  8 hobgoblins
  9 jackals
  4 quokkas
  3 frilled lizards
  A jackal skeleton (D:4)
  8 kobolds
  A quokka skeleton (D:5)
  6 rats
  2 plants (D:1)
234 creatures vanquished.

Vanquished Creatures (others)
  A bush (D:8)
  7 toadstools (D:4)
8 creatures vanquished.

Grand Total: 242 creatures vanquished

Notes
Turn   | Place    | Note
-------+----------+-------------------------------------------
     0 | D:1      | Ponchio the Gargoyle Earth Elementalist began the quest for
                  | the Orb.
     0 | D:1      | Reached XP level 1. HP: 10/10 MP: 3/3
   121 | D:1      | Reached XP level 2. HP: 11/15 MP: 3/5
   622 | D:1      | Reached XP level 3. HP: 20/20 MP: 2/7
  1269 | D:2      | Reached skill level 1 in Short Blades
  1269 | D:2      | Reached XP level 4. HP: 24/24 MP: 4/9
  2017 | D:3      | Found a shattered altar of Ashenzari.
  2472 | D:3      | Reached XP level 5. HP: 28/28 MP: 6/11
  2485 | D:3      | Reached skill level 4 in Earth Magic
  3012 | D:3      | Found a faded altar of an unknown god.
  3383 | D:4      | Reached XP level 6. HP: 26/33 MP: 3/13
  3493 | D:4      | Found Eschoses's Book Shoppe.
  3635 | D:4      | Reached skill level 5 in Spellcasting
  3735 | D:4      | Found a blossoming altar of Fedhas.
  3796 | D:4      | Noticed an oklob plant
  3884 | D:4      | Found a glowing golden altar of the Shining One.
  3885 | D:4      | Found a shadowy altar of Dithmenos.
  4082 | D:4      | Gained mutation: You expend magic power (3 MP) to
                  | strengthen your wands. [potion of mutation]
  4082 | D:4      | Gained mutation: Your body sometimes deteriorates upon
                  | taking damage. [potion of mutation]
  4082 | D:4      | Gained mutation: You are partially covered in large bone
                  | plates. (SH +4) [potion of mutation]
  4083 | D:4      | Lost mutation: You are partially covered in large bone
                  | plates. (SH +4) [potion of mutation]
  4083 | D:4      | Lost mutation: Your body sometimes deteriorates upon taking
                  | damage. [potion of mutation]
  4083 | D:4      | Lost mutation: You expend magic power (3 MP) to strengthen
                  | your wands. [potion of mutation]
  4083 | D:4      | Gained mutation: Your spells are a little easier to cast,
                  | but a little less powerful. [potion of mutation]
  4083 | D:4      | Gained mutation: You are somewhat resistant to further
                  | mutation. [potion of mutation]
  4087 | D:4      | Learned a level 2 spell: Passwall
  4091 | D:4      | Learned a level 3 spell: Stone Arrow
  4096 | D:4      | Learned a level 4 spell: Petrify
  4102 | D:4      | Learned a level 5 spell: Lee's Rapid Deconstruction
  4118 | D:5      | Entered Level 5 of the Dungeon
  4529 | D:5      | Reached skill level 5 in Earth Magic
  4754 | D:5      | Noticed an ice beast
  4790 | D:5      | Killed an ice beast
  4924 | D:5      | Reached XP level 7. HP: 37/37 MP: 10/14
  5306 | D:5      | Reached skill level 6 in Earth Magic
  5405 | D:5      | Found a staircase to the Ecumenical Temple.
  5665 | Temple   | Entered the Ecumenical Temple
  5824 | Temple   | Became a worshipper of Vehumet
  6097 | D:5      | Reached skill level 7 in Earth Magic
  6097 | D:5      | Reached XP level 8. HP: 41/42 MP: 11/17
  6812 | D:6      | Reached * piety under Vehumet
  6812 | D:6      | Offered knowledge of Freeze by Vehumet.
  6991 | D:6      | Reached skill level 8 in Earth Magic
  7566 | D:6      | Reached XP level 9. HP: 34/46 MP: 6/21
  8487 | D:7      | Found Ipnued's Gadget Shoppe.
  8632 | D:7      | Reached skill level 9 in Earth Magic
  9765 | D:7      | Reached ** piety under Vehumet
  9765 | D:7      | Offered knowledge of Magic Dart by Vehumet.
  9798 | D:7      | Reached skill level 10 in Earth Magic
  9996 | D:7      | Reached skill level 10 in Spellcasting
 10087 | D:7      | Reached skill level 1 in Fighting
 10175 | D:7      | Found a transporter.
 10226 | D:7      | Reached XP level 10. HP: 50/52 MP: 4/24
 10405 | D:7      | Found a transporter.
 10407 | D:7      | Noticed Alannah's ghost (novice DsGl)
 10407 | D:7      | Noticed a moth of wrath
 10831 | D:7      | Killed a moth of wrath
 10836 | D:7      | Got a shimmering silver ring
 11175 | D:8      | Found a shimmering altar of Xom.
 11320 | D:8      | Identified the ring "Renattes" {*Contam rPois rC+ MR+ SInv}
                  | (You found it on level 7 of the Dungeon)
 11697 | D:8      | Noticed a two-headed ogre
 11723 | D:8      | Killed a two-headed ogre
 12556 | D:8      | Found a bloodstained altar of Trog.
 12988 | D:9      | Offered knowledge of Dazzling Spray by Vehumet.
 13007 | D:9      | Reached XP level 11. HP: 35/61 MP: 13/25
 13218 | D:9      | Reached skill level 11 in Earth Magic
 13364 | D:9      | Reached skill level 5 in Transmutations
 13558 | D:9      | Reached *** piety under Vehumet
 14078 | D:9      | Noticed a two-headed ogre
 14244 | D:8      | Killed a two-headed ogre
 14614 | D:9      | Noticed an ettin
 14673 | D:9      | Found a shattered altar of Ashenzari.
 14673 | D:9      | Found a burning altar of Makhleb.
 14682 | D:9      | Noticed a great orb of eyes
 14703 | D:9      | Paralysed by a great orb of eyes for 5 turns
 14732 | D:9      | Blown up by a great orb of eyes

Levels and vault maps discovered:
D:1:      roderic_crop_circles_arrival_small, layout_rooms
D:2:      layout_basic
D:3:      layout_loops_corners, chequers_ecumenical_altar_twisty,
          nicolae_ashenzari_panopticon
D:4:      layout_rooms, tgw_fedhas, gammafunk_temple_overflow_statue,
          first_ration, serial_shops, shop
D:5:      layout_loops_ring, minmay_temple_entry_arrows, kennysheep_doodads
D:6:      layout_basic
D:7:      layout_gridville, enter_bailey_3, gammafunk_ghost_berserking_beasts,
          serial_shops, nicolae_shop_statue_plus, skrybe_limestone_x,
          minmay_ruffians
D:8:      layout_rooms, trog_ov_bears_minmay, basic_altar
D:9:      layout_long_grid, jmf_multi_god_temple
Temple:   dpeg_five_rooms_temple

Skill      XL: |  1  2  3  4  5  6  7  8  9 10 11 |
---------------+----------------------------------+-----
Spellcasting   | 3 4 5 6 8 10 | 10.8
Short Blades   | 1 |  1.1
Earth Magic    | 4 5 7 8 10 11 | 11.4
Transmutations | 2 4 5 |  5.4
Fighting       | 1 4 |  4.0
Dodging        | 3 |  3.3
Stealth        | |  2.1

Action                   |  1- 3 |  4- 6 |  7- 9 | 10-12 || total
-------------------------+-------+-------+-------+-------++-------
Melee: Unarmed           |    29 |       |       |       ||    29
       Dagger            |   302 |   140 |   343 |   285 ||  1070
       Mace              |       |       |       |    28 ||    28
 Cast: Sandblast         |    34 |    73 |    84 |    33 ||   224
       Lee's Rapid Decon |       |     1 |    17 |    34 ||    52
       Petrify           |       |       |    54 |    74 ||   128
       Stone Arrow       |       |       |    11 |       ||    11
Evoke: Wand              |       |       |       |     3 ||     3
  Use: Scroll            |       |    12 |     5 |     8 ||    25
       Potion            |       |     2 |     1 |     3 ||     6
 Stab: Sleeping          |       |     2 |     1 |       ||     3
       Petrified         |       |       |   125 |   184 ||   309
       Petrifying        |       |       |     2 |    13 ||    15
  Eat: Chunk             |     1 |     9 |    15 |    12 ||    37
       Ration            |       |     1 |     3 |     3 ||     7
Armor: Robe              |    33 |    75 |   175 |   103 ||   386
Dodge: Dodged            |    59 |   115 |   241 |   177 ||   592
